 Dungeon Crawl Stone Soup version 0.26-a0-663-g36e8fdb655 (webtiles) character file.

Game seed: 11903157243061831098

59626 lunkers the Spry (level 15, 0/100 HPs)
             Began as a Kobold Berserker on Oct 12, 2020.
             Was a High Priest of Trog.
             Slain by a basilisk (7 damage)
             ... while petrified by a basilisk
             ... on level 6 of the Lair of Beasts.
             The game lasted 00:37:37 (21526 turns).

lunkers the Spry (Kobold Berserker)                Turns: 21526, Time: 00:37:37

Health: 0/100      AC: 10    Str: 15    XL:     15   Next: 34%
Magic:  15/15      EV:  3    Int:  9    God:    Trog [*****.]
Gold:   1150       SH:  0    Dex: 20    Spells: 14/14 levels left

rFire    + . .     SeeInvis .   b - +8 quick blade (venom)
rCold    . . .     Faith    .   J - +1 buckler
rNeg     + + +     Spirit   .   G - +1 ring mail {rF+}
rPois    ∞         Reflect  .   (no helmet)
rElec    .         Harm     .   (no cloak)
rCorr    .         Rampage  .   (no gloves)
MR       +++..                  I - +2 pair of boots {run}
Stlth    ++++++....             (no amulet)
HPRegen  1.26/turn              m - +4 ring of slaying
MPRegen  0.14/turn              L - ring of poison resistance

@: petrified, berserk cooldown, regenerating, slowed, quick
A: small, nightstalker 3
a: Berserk, Trog's Hand, Brothers in Arms, Renounce Religion


You were on level 6 of the Lair of Beasts.
You worshipped Trog.
Trog was extremely pleased with you.
You visited 2 branches of the dungeon, and saw 19 of its levels.

You collected 1150 gold pieces.

Inventory:

Hand Weapons
 a - a +2 short sword of freezing
 b - a +8 quick blade of venom (weapon)
 d - a +1 antimagic short sword
 H - a +2 antimagic rapier
Armour
 G - a +1 ring mail of fire resistance (worn)
 I - a +2 pair of boots of running (worn)
 J - a +1 buckler (worn)
Jewellery
 m - a +4 ring of slaying (left hand)
 v - a cursed -4 ring of dexterity {unknown}
 L - a ring of poison resistance (right hand)
Wands
 c - a wand of acid (20)
 g - a wand of disintegration (20)
 i - a wand of iceblast (7)
 r - a wand of polymorph (21)
 x - a wand of flame (48)
Scrolls
 e - 12 scrolls of remove curse
 f - 3 scrolls of enchant armour
 o - 5 scrolls of blinking
 q - 6 scrolls of teleportation
 z - 4 scrolls of magic mapping
 A - a scroll of vulnerability
 B - 3 scrolls of immolation
 D - 5 scrolls of identify
 K - 4 scrolls of fear
Potions
 h - 6 potions of flight
 j - 3 potions of cancellation
 k - 2 potions of heal wounds {unknown}
 l - 4 potions of haste
 n - 2 potions of lignification
 p - 4 potions of stabbing
 s - 2 potions of might
 t - 5 potions of resistance
 u - 2 potions of ambrosia
 w - 2 potions of berserk rage
 C - 7 potions of curing
 E - a potion of magic
 M - 5 potions of degeneration {unknown}


   Skills:
 + Level 14.2 Fighting
 - Level 12.0 Short Blades
 - Level 5.0 Armour
 + Level 15.2 Dodging
 + Level 13.4 Stealth
 - Level 5.6 Shields
 + Level 11.1 Evocations


You had 14 spell levels left.
You didn't know any spells.
Your spell library was empty.

Dungeon Overview and Level Annotations

Branches:
Dungeon (13/15)            Temple (0/1) D:7            Lair (6/6) D:8
  Swamp (0/4) Lair:3        Snake (0/4) Lair:2        Slime (0/5) Lair:5
    Orc (0/2) D:10         Vaults (0/5) D:13

Altars:
Ashenzari
Cheibriados
Gozag
Okawaru
Qazlal
Sif Muna
Vehumet
Wu Jian
Xom
Zin
The Shining One

Shops:
D:9 *

Annotations:
D:10 2 runed translucent doors, Misha's ghost, journeyman MfGl
D:11 exclusion: orange crystal statue
Lair:3 exclusion: 3 oklob plants


Innate Abilities, Weirdness & Mutations

You are small and have problems with some larger weapons.
You are completely attuned to the shadows.


Message History

The basilisk gazes at you.
You easily resist.
The basilisk gazes at you.
You are slowing down.
Okay, then.
Your skin crawls.
You feel resistant to hostile enchantments.
You have turned to stone.
The basilisk gazes at you. You resist with almost no effort.
The basilisk bites you but does no damage.
The basilisk bites you!
* * * LOW HITPOINT WARNING * * *
The basilisk bites you but does no damage.
The basilisk bites you.
* * * LOW HITPOINT WARNING * * *
The basilisk bites you.
* * * LOW HITPOINT WARNING * * *
The basilisk bites you!
You die...

......#...YP# ##..#...#
......#.....# ###...#...#
......##†.÷.## ......#...#
.......##..YP# ÷.....##..##
..##....##...###......#..##
.#########P....###..l.#.##
## ##......##.....#
##..P...##.....#
###..@l.......#
########...## ###.# ##


You could see a basilisk.

Vanquished Creatures
  A slime creature (D:13)
  Harold (D:9)
  5 hydras
  Erica (D:10)
  A boulder beetle (D:12)
  2 catoblepae (Lair:6)
  2 centaur warriors (D:13)
  6 death yaks (Lair:6)
  4 two-headed ogres
  Urug (D:13)
  Nergalle (D:11)
  An unseen horror (D:12)
  2 ugly things (D:13)
  A cyclops (D:11)
  11 elephants
  A manticore (D:10)
  11 cane toads
  2 black mambas
  A gargoyle (D:12)
  A rime drake (Lair:5)
  7 komodo dragons
  3 polar bears
  3 trolls
  16 blink frogs
  11 dream sheep
  A redback (D:13)
  7 wyverns
  Sigmund (D:5)
  49 yaks
  16 humans (D:13)
  2 wraiths
  2 basilisks
  Grum (D:10)
  5 nagas (Lair:2)
  6 vampire mosquitoes
  15 water moccasins
  Duvessa (D:6)
  8 orc warriors
  3 black bears
  6 ice beasts
  Purgy (D:3)
  4 sky beasts
  A phantom (D:6)
  3 boggarts (D:12)
  10 ogres
  15 wolves
  13 centaurs
  5 big kobolds
  Blork the orc (D:6)
  17 bullfrogs
  5 gnoll sergeants (D:10)
  Dowan (D:6)
  2 scorpions
  A water moccasin skeleton (D:8)
  14 killer bees
  5 wights (D:11)
  2 howler monkeys
  2 vampire bats (D:10)
  A centaur zombie (D:6)
  14 jellies (Lair:5)
  A bullfrog zombie (D:11)
  A gnoll shaman (D:9)
  15 orc priests
  5 centaur skeletons
  4 hounds
  5 orc wizards
  4 bullfrog skeletons
  Terence (D:3)
  An iguana (D:10)
  5 worker ants
  A killer bee zombie (D:9)
  2 hound zombies
  5 gnolls
  A worker ant zombie (D:5)
  10 adders
  A shadow imp (D:7)
  2 white imps
  4 ufetubi
  2 oozes
  2 adder skeletons
  4 worms
  2 dart slugs
  5 leopard geckos
  56 orcs
  2 ball pythons
  8 giant cockroaches
  7 goblins
  13 hobgoblins
  12 jackals
  14 kobolds
  3 quokkas
  13 bats
  17 frilled lizards
  A quokka skeleton (D:8)
  8 rats
573 creatures vanquished.

Vanquished Creatures (others)
  21 fungi
  25 plants
46 creatures vanquished.

Grand Total: 619 creatures vanquished

Notes
Turn   | Place    | Note
-------+----------+-------------------------------------------
     0 | D:1      | lunkers the Kobold Berserker began the quest for the Orb.
     0 | D:1      | Reached XP level 1. HP: 14/14 MP: 1/1
    66 | D:1      | Reached skill level 1 in Stealth
   160 | D:1      | Reached XP level 2. HP: 19/19 MP: 2/2
   373 | D:1      | Reached XP level 3. HP: 23/23 MP: 3/3
   428 | D:1      | Reached skill level 5 in Short Blades
   434 | D:1      | Reached ** piety under Trog
  1114 | D:2      | Found a shimmering altar of Xom.
  1144 | D:2      | Reached XP level 4. HP: 15/28 MP: 4/4
  2342 | D:3      | Noticed Purgy
  2363 | D:3      | Killed Purgy
  2363 | D:3      | Reached XP level 5. HP: 24/32 MP: 5/5
  2728 | D:3      | Noticed Terence
  2730 | D:3      | Killed Terence
  2730 | D:3      | Reached XP level 6. HP: 37/37 MP: 6/6
  3371 | D:3      | Reached *** piety under Trog
  3515 | D:4      | Reached skill level 5 in Stealth
  3733 | D:4      | Reached XP level 7. HP: 41/41 MP: 7/7
  3854 | D:4      | Found a broken altar of Ashenzari.
  3914 | D:4      | Found a radiant altar of Vehumet.
  4321 | D:4      | Found a shimmering blue altar of Sif Muna.
  4323 | D:4      | Found an iron altar of Okawaru.
  4323 | D:4      | Found a snail-covered altar of Cheibriados.
  4351 | D:4      | Found a glowing golden altar of the Shining One.
  4602 | D:4      | Found a stormy altar of Qazlal.
  4731 | D:5      | Entered Level 5 of the Dungeon
  5042 | D:5      | Noticed Sigmund
  5046 | D:5      | Killed Sigmund
  5046 | D:5      | Reached XP level 8. HP: 46/46 MP: 8/8
  5554 | D:5      | Found an opulent altar of Gozag.
  5782 | D:6      | Reached skill level 10 in Stealth
  5932 | D:6      | Noticed Duvessa
  5934 | D:6      | Noticed Dowan
  5936 | D:6      | Killed Duvessa
  5936 | D:6      | Reached skill level 3 in Dodging
  5949 | D:6      | Killed Dowan
  6187 | D:6      | Reached skill level 4 in Dodging
  6196 | D:6      | Noticed Blork the orc
  6202 | D:6      | Killed Blork the orc
  6202 | D:6      | Reached XP level 9. HP: 53/53 MP: 9/9
  6206 | D:6      | Reached skill level 5 in Fighting
  6211 | D:6      | Reached **** piety under Trog
  6239 | D:6      | Reached skill level 5 in Dodging
  6642 | D:6      | Reached skill level 6 in Dodging
  6993 | D:7      | Reached skill level 1 in Evocations
  6995 | D:7      | Found a staircase to the Ecumenical Temple.
  7571 | D:7      | Reached ***** piety under Trog
  7571 | D:7      | Reached XP level 10. HP: 61/61 MP: 10/10
  7698 | D:8      | Found a glowing silver altar of Zin.
  7722 | D:8      | Noticed a two-headed ogre
  7724 | D:8      | Killed a two-headed ogre
  7724 | D:8      | Reached skill level 7 in Dodging
  7838 | D:8      | Found a staircase to the Lair.
  7907 | D:8      | Noticed a two-headed ogre
  7911 | D:8      | Killed a two-headed ogre
  7911 | D:8      | Reached skill level 10 in Short Blades
  8081 | D:8      | Found an ornate altar of the Wu Jian Council.
  8292 | D:9      | Received a gift from Trog
  8407 | D:9      | Noticed Harold
  8408 | D:9      | Killed Harold
  8408 | D:9      | Reached skill level 8 in Dodging
  8539 | D:9      | Reached XP level 11. HP: 68/68 MP: 11/11
  8545 | D:9      | Reached skill level 5 in Evocations
  8706 | D:9      | Identified a +2 pair of boots of running (You found it on
                  | level 9 of the Dungeon)
  8934 | D:9      | Found Zuaden's Serpentskin Sales.
  9299 | D:10     | Entered Level 10 of the Dungeon
  9468 | D:10     | Noticed a manticore
  9471 | D:10     | Killed a manticore
  9543 | D:10     | Noticed Grum
  9547 | D:10     | Killed Grum
  9554 | D:10     | Reached skill level 9 in Dodging
  9604 | D:10     | Noticed Erica
  9611 | D:10     | Killed Erica
  9890 | D:10     | Found a runed translucent door.
  9987 | D:10     | Noticed Misha's ghost (journeyman MfGl)
  9987 | D:10     | Noticed a necromancer
 10052 | D:10     | Found a runed translucent door.
 10055 | D:10     | Noticed an ettin
 10055 | D:10     | Noticed a wolf spider
 10056 | D:10     | Noticed a skeletal warrior
 10057 | D:10     | Noticed a lich
 10344 | D:10     | Found a staircase to the Orcish Mines.
 10762 | D:10     | Received a gift from Trog
 11088 | D:11     | Reached skill level 1 in Shields
 11201 | D:11     | Noticed an orange crystal statue
 11507 | D:11     | Noticed Nergalle
 11525 | D:11     | Killed Nergalle
 11525 | D:11     | Reached XP level 12. HP: 63/76 MP: 12/12
 11619 | D:11     | Reached skill level 10 in Dodging
 11685 | D:11     | Found an opulent altar of Gozag.
 11947 | D:11     | Noticed a two-headed ogre
 11950 | D:11     | Killed a two-headed ogre
 12563 | D:12     | You fall into a shaft and drop 1 floor!
 12605 | D:13     | Reached skill level 10 in Fighting
 12693 | D:13     | Noticed Urug
 12697 | D:13     | Killed Urug
 12698 | D:13     | Noticed a centaur warrior
 12699 | D:13     | Found a gate to the Vaults.
 12734 | D:13     | Noticed a two-headed ogre
 12749 | D:13     | Killed a centaur warrior
 12788 | D:13     | Killed a two-headed ogre
 12801 | D:13     | Reached skill level 11 in Dodging
 12830 | D:13     | Reached XP level 13. HP: 40/83 MP: 13/13
 13579 | D:13     | Noticed a centaur warrior
 13591 | D:13     | Reached skill level 5 in Armour
 13601 | D:13     | Killed a centaur warrior
 13769 | D:12     | Received a gift from Trog
 13809 | D:12     | Reached skill level 5 in Shields
 13812 | D:12     | Noticed a seven-headed hydra
 13824 | D:12     | Killed a seven-headed hydra
 14182 | D:12     | Noticed a boulder beetle
 14195 | D:12     | Killed a boulder beetle
 14195 | D:12     | Reached skill level 12 in Dodging
 14478 | Lair:1   | Entered Level 1 of the Lair of Beasts
 15427 | Lair:2   | Found a staircase to the Snake Pit.
 15678 | Lair:2   | Reached skill level 13 in Dodging
 16059 | Lair:3   | Reached XP level 14. HP: 55/92 MP: 14/14
 16356 | Lair:3   | Found a staircase to the Swamp.
 16469 | Lair:3   | Received a gift from Trog
 17311 | Lair:3   | Reached skill level 14 in Dodging
 18595 | Lair:5   | Received a gift from Trog
 18595 | Lair:5   | Reached skill level 10 in Evocations
 19063 | Lair:5   | Found a staircase to the Slime Pits.
 19951 | Lair:6   | Entered Level 6 of the Lair of Beasts
 20082 | Lair:6   | Reached XP level 15. HP: 86/100 MP: 15/15
 20592 | Lair:6   | Reached skill level 15 in Dodging
 21507 | Lair:6   | HP: 4/150 [catoblepas (13)]
 21526 | Lair:6   | Slain by a basilisk

Illustrated notes

Levels and vault maps discovered:
D:1:      minmay_arrival_hallway, layout_basic, minmay_lizard_king
D:2:      layout_rooms, xom_teletrap_fun, grunt_decor_clamped
D:3:      kennysheep_big_flooded_room, layout_basic, serial_forest,
          infiniplex_forest_lined_2, infiniplex_forest_clump_tiny,
          infiniplex_forest_straight_1, infiniplex_forest_end_1,
          infiniplex_forest_clump_tiny, infiniplex_forest_end_1, uniq_purgy,
          uniq_terence
D:4:      layout_loops_ring, evilmike_ruin_ashenzari,
          nicolae_overflow_crystal_walls, vehumet_crystals,
          grunt_temple_overflow_open, corexii_hall_statues_l
D:5:      layout_loops_corners, basic_altar, uniq_sigmund
D:6:      layout_cave_pools, uniq_blork_the_orc, uniq_duvessa
D:7:      layout_gridville, minmay_temple_entry_glass, st_stairs_9,
          bh_walls_and_bars
D:8:      layout_rooms, kennysheep_mini, lair_entry_dummy, basic_altar
D:9:      layout_irregular_city, guppyfry_shop_venom, uniq_harold
D:10:     layout_loops_ring, kennysheep_orc_monster_closet_entryway,
          muffindrake_ghost_dual_entry, roderic_batcave,
          statue_in_the_mist_lemuel, minivault_25_ag, uniq_grum, uniq_erica
D:11:     layout_loops_ring, chequers_serial_rivers_micro_e, minivault_16,
          grunt_gozag_breadcrumbs, uniq_nergalle
D:12:     layout_roguey, kennysheep_generic_room_15
D:13:     layout_loops_ring, david_vaults_3, uniq_kirke, uniq_erolcha,
          uniq_snorg
Lair:1:   layout_big_grid, grunt_megastairs_5
Lair:2:   layout_regular_city, minmay_snake_entry_guardpost_medium,
          chequers_serial_rivers_micro_c
Lair:3:   layout_misc_corridors, minmay_swamp_entry_swarm,
          minmay_lair_oklob_chamber, lemuel_fruit_fields
Lair:4:   layout_roguey
Lair:5:   layout_layer_cave, minmay_slime_entry_jelly_boxes, beast_lair_carwin_2
Lair:6:   grunt_lair_end_beastmaster, layout_regular_city, st_stairs_13,
          minmay_lindwurm_lava

Skill      XL: |  1  2  3  4  5  6  7  8  9 10 11 12 13 14 15 |
---------------+----------------------------------------------+-----
Stealth        | 1 2 4 5 9 10 11 12 13 | 13.4
Short Blades   | 5 6 7 8 11 12 | 12.0
Dodging        | 4 6 8 9 11 13 14 15 | 15.2
Fighting       | 4 6 7 9 10 12 13 14 | 14.2
Evocations     | 2 4 7 9 10 11 | 11.1
Armour         | 2 4 5 |  5.0
Shields        | 1 4 5 |  5.6

Action                   |  1- 3 |  4- 6 |  7- 9 | 10-12 | 13-15 || total
-------------------------+-------+-------+-------+-------+-------++-------
Melee: Short sword       |    98 |   190 |   281 |   300 |       ||   869
       Quick blade       |       |       |       |   327 |  1011 ||  1338
Invok: Berserk           |     1 |     5 |     6 |     7 |    10 ||    29
       Trog's Hand       |       |       |       |     2 |     2 ||     4
Evoke: Wand              |       |       |       |       |     1 ||     1
  Use: Scroll            |       |       |     8 |    11 |    13 ||    32
 Stab: Sleeping          |    10 |    10 |    19 |    48 |    68 ||   155
       Distracted        |       |       |     1 |     5 |     6 ||    12
Armor: Animal skin       |     4 |       |       |       |       ||     4
       Ring mail         |    11 |    29 |    58 |    59 |    60 ||   217
Dodge: Dodged            |    62 |    96 |   164 |   285 |   325 ||   932
Block: Buckler           |       |       |       |    56 |   147 ||   203

Table legend: (Time is in decaauts)
 A = Elapsed time spent in this place.
 B = Non-inter-level travel time spent in this place.
 C = Inter-level travel time spent in this place.
 D = Time resting spent in this place.
 E = Time spent auto-exploring this place.
 F = Levels seen in this place.
 G = Mean time per level.
                   A        B        C        D        E       F      G
               +--------+--------+--------+--------+--------+-----+--------+
         Total |  19810 |  19252 |    558 |   1791 |  14623 |  19 | 1042.6 |
       Dungeon |  13715 |  13294 |    421 |   1409 |   9797 |  13 | 1055.0 |
          Lair |   6095 |   5959 |    136 |    381 |   4825 |   6 | 1015.8 |
               +--------+--------+--------+--------+--------+-----+--------+

Top non-repeatable levels by time:
    D:10: 1412 daAuts
     D:3: 1369 daAuts
  Lair:6: 1353 daAuts
  Lair:5: 1262 daAuts
     D:4: 1246 daAuts
     D:9: 1243 daAuts
  Lair:3: 1196 daAuts
     D:5: 1160 daAuts
    D:12: 1074 daAuts
     D:2: 1068 daAuts
     D:1: 1030 daAuts
    D:11: 980 daAuts
  Lair:4: 977 daAuts
  Lair:2: 918 daAuts
    D:13: 861 daAuts
